 Dungeon Crawl Stone Soup version 0.29-a0-717-g6dac4ea423 (webtiles) character file.

Game seed: 18231255454235259615

82 polve the Chopper (level 4, 0/33 (35) HPs)
             Began as a Demonspawn Abyssal Knight on June 26, 2022.
             Was a Believer of Lugonu.
             Killed by nerve-wracking pain
             ... invoked by an orc priest
              (7 damage)
             ... on level 3 of the Dungeon.
             The game lasted 00:01:41 (3308 turns).

polve the Chopper (Demonspawn Abyssal Knight)       Turns: 3308, Time: 00:01:41

HP:   0/33 (35)     AC:  9    Str: 12 (15) XL:     4   Next: 21%
MP:   5/5           EV:  5    Int:  8 (11) God:    Lugonu [**....]
Gold: 131           SH:  0    Dex: 11 (14) Spells: 3/3 levels left

rFire   . . .      SeeInvis .   a - +1 hand axe
rCold   . . .      Faith    .   (no shield)
rNeg    . . .      Spirit   .   b - +0 chain mail
rPois   .          Reflect  .   (no helmet)
rElec   .          Harm     .   (no cloak)
rCorr   .          Rampage  .   (no gloves)
Will    .....                   (no boots)
Stlth   ..........              (no amulet)
HPRegen 0.11/turn               (no ring)
MPRegen 0.09/turn               (no ring)

@: drained
A: demonic guardian 1, foul stench 1, sharp scales 1
a: Renounce Religion, Depart the Abyss, Bend Space


You were on level 3 of the Dungeon.
You worshipped Lugonu.
Lugonu was pleased with you.
You visited 1 branch of the dungeon, and saw 3 of its levels.
You visited the Abyss 1 time.

You collected 131 gold pieces.

Inventory:

Hand Weapons
 a - a +1 hand axe (weapon)
Missiles
 k - a throwing net
Armour
 b - a +0 chain mail (worn)
Jewellery
 l - an amulet of regeneration
Scrolls
 c - 3 scrolls of identify {unknown}
 e - a scroll of fear {unknown}
 f - a scroll of teleportation {unknown}
 h - 2 scrolls of enchant armour {unknown}
 i - a scroll of blinking {unknown}
 j - a scroll of immolation {unknown}
 m - a scroll of amnesia {unknown}
 n - a scroll of silence {unknown}
 o - a scroll of noise {unknown}
Potions
 d - a potion of degeneration
 g - 2 potions of curing


   Skills:
 - Level 3.0 Fighting
 + Level 4.1 Axes
 - Level 1.7 Armour
 - Level 0.8 Dodging
 - Level 2.4 Invocations


You had 3 spell levels left.
You didn't know any spells.
Your spell library contained the following spells:

 Spells                   Type           Power      Damage    Failure   Level
 Dazzling Flash           Conj/Hex       0%         N/A       100%        3
 Iskenderun's Mystic Bla  Conj/Tloc      0%         2d3       100%        4
 Starburst                Conj/Fire      0%         6d3       100%        6


Dungeon Overview and Level Annotations

Branches:
Dungeon (3/15)

Altars:

Annotations:
D:2 1 runed translucent door, Crazy Yiuf


Innate Abilities, Weirdness & Mutations

A weak demonic guardian rushes to your aid.
You may rarely emit foul miasma when damaged in melee.
You are partially covered in razor-sharp scales. (AC +1, Slay +1)


Message History

You are too injured to fight recklessly!
You are too injured to fight recklessly!
You are too injured to fight recklessly!
You are too injured to fight recklessly!
You are too injured to fight recklessly!
You are too injured to fight recklessly!
You are too injured to fight recklessly!
You are too injured to fight recklessly!
You are too injured to fight recklessly!
You are too injured to fight recklessly!
You are too injured to fight recklessly!
You are too injured to fight recklessly!
You are too injured to fight recklessly!
You are too injured to fight recklessly!
You are too injured to fight recklessly!
You slash the orc priest!
The orc priest is heavily wounded.
You hit the orc but do no damage. The orc priest closely misses you.
The orc is engulfed in dark miasma.
The orc is poisoned.
The orc seems to slow down.
You kill the orc!
Lugonu accepts your kill.
You barely miss the orc priest.
The orc priest is heavily wounded.
The orc priest hits you with a +0 short sword.
You emit a cloud of foul miasma!
An orc priest comes into view. It is wielding a +0 dagger.
You hit the orc priest.
The orc priest is severely wounded.
The orc priest is engulfed in dark miasma.
The orc priest is poisoned.
The orc priest mumbles some strange prayers to Beogh against you.
Beogh smites you!
* * * LOW HITPOINT WARNING * * *
You hit the orc priest.
You kill the orc priest!
Lugonu accepts your kill.
The orc priest invokes the aid of Beogh against you.
Pain shoots through your body!
You die...

.......†)#
.........# #
#.........# #.
#.........#
#o#######.........#
#......#
.........###
#......#
............
#.#..°○o.#
###.#......
#.....@..#
#.........
....#.....#
#......... .
##....#####.....####
##.............#
#....#####.....#
#.....# #.....#
....#### #######
..... .####


You could see an orc priest and an orc.

Vanquished Creatures
  An orc priest (D:3)
  Terence (D:2)
  2 adders (D:2)
  A worm (D:3)
  3 dart slugs (D:1)
  An orc (D:3)
  9 ball pythons
  2 bats
  An endoplasm (D:1)
  3 goblins
  2 hobgoblins (D:1)
  4 kobolds
  A quokka (D:1)
  3 rats
34 creatures vanquished.

Vanquished Creatures (others)
  A fungus (D:2)
1 creature vanquished.

Grand Total: 35 creatures vanquished

Notes
Turn   | Place    | Note
-------+----------+-------------------------------------------
     0 | Abyss:1  | polve the Demonspawn Abyssal Knight began the quest for the
                  | Orb.
     0 | Abyss:1  | Reached XP level 1. HP: 18/18 MP: 2/2
   159 | Abyss:1  | Found a corrupted altar of Lugonu.
   231 | D:1      | Escaped the Abyss
   302 | D:1      | Reached skill level 2 in Axes
   352 | D:1      | Found a faded altar of an unknown god.
   446 | D:1      | Gained mutation: A weak demonic guardian rushes to your
                  | aid. [demonic ancestry]
   446 | D:1      | Reached XP level 2. HP: 21/24 MP: 3/3
   937 | D:1      | Reached skill level 3 in Axes
  1748 | D:2      | Gained mutation: You are partially covered in razor-sharp
                  | scales. (AC +1, Slay +1) [demonic ancestry]
  1748 | D:2      | Reached XP level 3. HP: 29/29 MP: 4/4
  2099 | D:2      | Noticed Terence
  2112 | D:2      | Killed Terence
  2395 | D:2      | Reached skill level 4 in Axes
  2395 | D:2      | Gained mutation: You may rarely emit foul miasma when
                  | damaged in melee. [demonic ancestry]
  2395 | D:2      | Reached XP level 4. HP: 30/31 MP: 5/5
  2434 | D:2      | Found a runed translucent door.
  2435 | D:2      | Noticed Crazy Yiuf
  3308 | D:3      | Killed from afar by an orc priest

Illustrated notes

Levels and vault maps discovered:
D:1:      kennysheep_arrival_seaside, layout_basic,
          hellmonk_ecumenical_altar_inner_sanctum
D:2:      layout_basic, minmay_shallow_snake_nest, uniq_crazy_yiuf_cottage,
          uniq_terence
D:3:      layout_basic, nemelex_spade_bored_becter, tso_oasis_becter,
          serial_bayou_pond_b

Skill      XL: |  1  2  3 |
---------------+----------+-----
Axes           | 2 3 4 |  4.1
Fighting       | |  3.0
Armour         | |  1.7
Dodging        | |  0.8
Invocations    | |  2.4

Action                   |  1- 3 |  4- 6 || total
-------------------------+-------+-------++-------
Melee: Hand axe          |    81 |    26 ||   107
       Punch             |       |     1 ||     1
Invok: Depart the Abyss  |     1 |       ||     1
  Use: Potion            |       |     3 ||     3
Armor: Leather armour    |    21 |       ||    21
       Chain mail        |     3 |    22 ||    25
Dodge: Dodged            |    44 |    11 ||    55

Table legend: (Time is in decaauts)
 A = Elapsed time spent in this place.
 B = Non-inter-level travel time spent in this place.
 C = Inter-level travel time spent in this place.
 D = Time resting spent in this place.
 E = Time spent auto-exploring this place.
 F = Levels seen in this place.
 G = Mean time per level.
                   A        B        C        D        E       F      G
               +--------+--------+--------+--------+--------+-----+--------+
         Total |   3326 |   3244 |     82 |      0 |   2971 |   4 |  831.5 |
       Dungeon |   3095 |   3013 |     82 |      0 |   2742 |   3 | 1031.7 |
         Abyss |    231 |    231 |      0 |      0 |    229 |   1 |  231.0 |
               +--------+--------+--------+--------+--------+-----+--------+

Top non-repeatable levels by time:
     D:2: 1659 daAuts
     D:1: 1226 daAuts
 Abyss:1: 231 daAuts
     D:3: 209 daAuts
